AoeStats
← AiM | CanvaL

Four Lakes

510100714Analyzed
1v1 RM · 2d ago on Sep 29, 2026· 43m 27s· 2 players
Game mode
Random Map
Map size
Tiny (2 player)
Population
200
Speed
Normal
Resources
Standard
Victory
Conquest
Starting age
Dark Age
Ending age
Imperial Age
RankedLock teamsTeams togetherTeam positionsShared explorationLock speedFull tech treeHidden civsTurbo modeCheats
Victory
Defeat
🇲🇽 Japanese · Mexico
1523
+16
🇨🇱 Italians · Chile
1515
-16
AiM | CanvaL
6:56 Loom
9:32 Feudal Age
10:46 Double-Bit Axe
12:05 Town Watch
14:14 Fletching
19:27 Castle Age
18:07 Padded Archer Armor
18:09 Gold Mining
18:01 Horse Collar
19:31 Crossbowman
20:19 Thumb Ring
21:08 Bodkin Arrow
26:51 Stone Mining
29:57 Wheelbarrow
30:52 Ballistics
35:58 Imperial Age
35:16 Leather Archer Armor
36:17 Arbalester
38:27 Chemistry
38:28 Scale Barding Armor
38:33 Forging
39:08 Bracer
39:54 Ring Archer Armor
39:46 Bloodlines
41:30 Husbandry
40:50 Light Cavalry
42:36 Forging
42:32 Scale Barding Armor
42:57 Masonry
KOF ChavaAzcona
8:18 Loom
10:47 Feudal Age
11:34 Double-Bit Axe
15:50 Padded Archer Armor
15:43 Fletching
16:25 Padded Archer Armor
20:08 Castle Age
19:49 Gold Mining
20:08 Stone Mining
20:11 Crossbowman
20:47 Fishing Lines
21:17 Bodkin Arrow
24:02 Ballistics
24:04 Leather Archer Armor
27:01 Wheelbarrow
26:46 Gillnets
29:29 Thumb Ring
30:22 Gold Shaft Mining
36:01 Imperial Age
37:01 Bracer
38:17 Arbalester
40:21 Ring Archer Armor
39:20 Elite Skirmisher
43:11 Chemistry
43:50 Conscription
Connection lost

Rejoining the realm…

Still unreachable

The connection could not be restored.

Session expired

The server has moved on; the page needs a fresh start.